2100 views
Uploaded 2023-10-12 00:24:25
Game version 1.36 (6115)
20:28 long 2on2 ladder game on (4)Synergy_S2
Saved by GIGA
2100 views
Uploaded 2023-10-12 00:24:25
Game version 1.36 (6115)
20:28 long 2on2 ladder game on (4)Synergy_S2


69 units @ 8.3k
/ 1k
52 buildings @ 6.6k
/ 3.4k
OlegKouz
(20:24) : 

| Staff of Preservation | 1 | 150 |
| Potion of Healing | 1 | 150 |
| Lesser Clarity Potion | 1 | 70 |
| Orb of Venom | 2 | 650 |
| Circlet of Nobility | 1 | 175 |
| Gloves of Haste | 1 | 125 |
| total: | 7 | 1320g |
| Wisp | 32 | 1920 | / | 0 |
| Huntress | 6 | 1170 | / | 120 |
| Dryad | 2 | 290 | / | 120 |
| Chimaera | 1 | 330 | / | 70 |
| Hippogryph | 1 | 160 | / | 20 |
| Ice Troll Berserker | 1 | 245 | / | 30 |
| total: | 43 | 4115g | / | 360w |
| Ancient Protector | 7 | 945 | / | 560 |
| Altar of Elders | 1 | 180 | / | 50 |
| Moon Well | 6 | 1080 | / | 240 |
| Hunter's Hall | 1 | 210 | / | 100 |
| Ancient of War | 2 | 300 | / | 120 |
| Ancient of Wonders | 1 | 90 | / | 30 |
| Tree of Life | 2 | 680 | / | 370 |
| Ancient of Lore | 2 | 310 | / | 290 |
| Ancient of Wind | 1 | 150 | / | 140 |
| Chimaera Roost | 3 | 420 | / | 570 |
| Tree of Ages | 1 | 320 | / | 180 |
| Tree of Eternity | 1 | 330 | / | 200 |
| total: | 26 | 4365g | / | 2470w |
| 0:04 | Wisp |
| 0:04 | Wisp |
| 0:08 | Altar of Elders |
| 0:21 | Moon Well |
| 0:25 | Wisp |
| 0:25 | Wisp |
| 0:42 | Wisp |
| 0:42 | Wisp |
| 0:59 | Wisp |
| 0:59 | Wisp |
| 1:12 | Wisp |
| 1:26 | Wisp |
| 1:26 | Wisp |
| 1:47 | Hunter's Hall |
| 1:50 | Ancient of War |
| 2:08 | Ancient of War |
| 2:22 | Moon Well |
| 2:24 | Entangling Roots |
| 2:52 | Huntress |
| 2:56 | Moon Well |
| 3:14 | Huntress |
| 3:35 | Huntress |
| 4:04 | Huntress |
| 4:25 | Huntress |
| 4:58 | Tree of Ages |
| 5:04 | Moon Well |
| 5:14 | Force of Nature |
| 5:19 | Strength of the Moon |
| 5:57 | Moon Armor |
| 6:01 | Ancient of Wonders |
| 6:23 | Huntress |
| 6:33 | Circlet of Nobility |
| 6:56 | Ice Troll Berserker |
| 7:22 | Moon Glaive |
| 7:25 | Force of Nature |
| 7:45 | Ancient of Lore |
| 7:46 | Ancient of Lore |
| 8:01 | Gloves of Haste |
| 8:16 | Trueshot Aura |
| 8:20 | Wisp |
| 8:21 | Ultravision |
| 8:34 | Staff of Preservation |
| 8:35 | Potion of Healing |
| 9:04 | Abolish Magic |
| 9:05 | Dryad |
| 10:05 | Searing Arrows |
| 10:50 | Entangling Roots |
| 10:54 | Reinforced Hides |
| 10:59 | Tree of Eternity |
| 11:09 | Tree of Life |
| 11:38 | Dryad |
| 12:13 | Ancient Protector |
| 13:11 | Ancient Protector |
| 13:16 | Wisp |
| 13:16 | Wisp |
| 13:16 | Wisp |
| 13:16 | Wisp |
| 13:16 | Wisp |
| 13:32 | Wisp |
| 13:32 | Wisp |
| 13:32 | Wisp |
| 13:41 | Lesser Clarity Potion |
| 13:42 | Orb of Venom |
| 13:47 | Wisp |
| 13:48 | Wisp |
| 14:04 | Wisp |
| 14:04 | Wisp |
| 14:35 | Wisp |
| 14:37 | Wisp |
| 14:37 | Wisp |
| 14:53 | Ancient Protector |
| 14:57 | Ancient Protector |
| 15:04 | Wisp |
| 15:04 | Wisp |
| 15:19 | Wisp |
| 15:35 | Chimaera Roost |
| 15:37 | Chimaera Roost |
| 15:51 | Chimaera Roost |
| 16:08 | Ancient Protector |
| 16:09 | Wisp |
| 16:09 | Wisp |
| 16:27 | Strength of the Wild |
| 16:40 | Orb of Venom |
| 17:00 | Ancient of Wind |
| 17:14 | Moon Well |
| 17:16 | Moon Well |
| 18:14 | Chimaera |
| 18:23 | Ancient Protector |
| 18:25 | Ancient Protector |
| 18:26 | Hippogryph |
| 19:10 | Trueshot Aura |
| 19:40 | Tree of Life |
| Right click | 1259 |
| Select group | 645 |
| Select | 341 |
| Build/train/purchase | 83 |
| Misc. action | 58 |
| Assign group | 55 |
| Use ability | 54 |
| Minimap ping | 16 |
| Resource trade | 16 |
| Esc | 14 |
| Item give/drop | 4 |
| Remove unit | 2 |



| Scroll of Regeneration | 2 | 200 |
| Potion of Healing | 2 | 300 |
| Potion of Mana | 1 | 200 |
| Scroll of Town Portal | 1 | 350 |
| Boots of Speed | 2 | 500 |
| total: | 8 | 1550g |
| Peasant | 9 | 675 | / | 0 |
| Footman | 5 | 675 | / | 0 |
| Rifleman | 5 | 1025 | / | 150 |
| Gryphon Rider | 4 | 1120 | / | 280 |
| Knight | 3 | 735 | / | 180 |
| total: | 26 | 4230g | / | 610w |
| Scout Tower | 10 | 300 | / | 200 |
| Guard Tower | 5 | 350 | / | 250 |
| Arcane Tower | 1 | 70 | / | 50 |
| Altar of Kings | 1 | 180 | / | 50 |
| Farm | 9 | 720 | / | 180 |
| Barracks | 1 | 160 | / | 60 |
| Arcane Vault | 1 | 130 | / | 30 |
| Blacksmith | 1 | 140 | / | 60 |
| Lumber Mill | 1 | 120 | / | 0 |
| Town Hall | 1 | 385 | / | 205 |
| Gryphon Aviary | 1 | 140 | / | 150 |
| Keep | 1 | 320 | / | 210 |
| Castle | 1 | 360 | / | 210 |
| total: | 26 | 2275g | / | 935w |
| 0:04 | Peasant |
| 0:06 | Altar of Kings |
| 0:08 | Farm |
| 0:14 | Barracks |
| 0:18 | Peasant |
| 0:31 | Peasant |
| 0:44 | Farm |
| 0:51 | Peasant |
| 1:18 | Footman |
| 1:25 | Farm |
| 1:33 | Footman |
| 1:53 | Arcane Vault |
| 2:00 | Footman |
| 2:06 | Flame Strike |
| 2:29 | Footman |
| 2:43 | Footman |
| 3:05 | Blacksmith |
| 3:09 | Lumber Mill |
| 3:15 | Scout Tower |
| 3:44 | Siphon Mana |
| 3:57 | Farm |
| 3:58 | Improved Lumber Harvesting |
| 4:00 | Peasant |
| 4:06 | Guard Tower |
| 4:21 | Scroll of Regeneration |
| 4:31 | Farm |
| 4:33 | Rifleman |
| 4:33 | Rifleman |
| 4:38 | Farm |
| 5:15 | Boots of Speed |
| 5:28 | Scout Tower |
| 6:03 | Keep |
| 6:14 | Flame Strike |
| 6:32 | Rifleman |
| 6:32 | Rifleman |
| 6:34 | Guard Tower |
| 7:15 | Rifleman |
| 8:33 | Advanced Lumber Harvesting |
| 8:35 | Long Rifles |
| 8:41 | Farm |
| 8:49 | Scroll of Regeneration |
| 9:02 | Potion of Healing |
| 9:19 | Farm |
| 9:24 | Castle |
| 9:38 | Storm Bolt |
| 9:44 | Boots of Speed |
| 11:22 | Gryphon Aviary |
| 12:00 | Farm |
| 12:03 | Improved Masonry |
| 12:47 | Scout Tower |
| 12:52 | Scout Tower |
| 12:59 | Scroll of Town Portal |
| 13:00 | Potion of Mana |
| 13:00 | Potion of Healing |
| 13:33 | Guard Tower |
| 13:38 | Guard Tower |
| 13:41 | Scout Tower |
| 13:42 | Scout Tower |
| 13:44 | Scout Tower |
| 14:13 | Siphon Mana |
| 14:23 | Town Hall |
| 15:05 | Gryphon Rider |
| 15:06 | Gryphon Rider |
| 15:14 | Arcane Tower |
| 15:38 | Peasant |
| 15:47 | Bash |
| 15:51 | Divine Shield |
| 15:56 | Guard Tower |
| 16:22 | Scout Tower |
| 16:23 | Scout Tower |
| 16:24 | Scout Tower |
| 16:25 | Peasant |
| 16:25 | Peasant |
| 16:28 | Peasant |
| 17:11 | Gryphon Rider |
| 17:11 | Gryphon Rider |
| 18:44 | Holy Light |
| 19:37 | Knight |
| 19:37 | Knight |
| 19:37 | Knight |
| Right click | 629 |
| Select | 287 |
| Build/train/purchase | 71 |
| Use ability | 14 |
| Resource trade | 12 |
| Minimap ping | 2 |
| Misc. action | 1 |
| Item give/drop | 1 |
65 units @ 6.6k
/ 1.1k
80 buildings @ 5.4k
/ 2.5k


| Peasant | 13 | 975 | / | 0 |
| Flying Machine | 29 | 2900 | / | 870 |
| Mortar Team | 1 | 180 | / | 70 |
| Dragonhawk Rider | 6 | 1200 | / | 180 |
| total: | 49 | 5255g | / | 1120w |
| Scout Tower | 16 | 480 | / | 320 |
| Arcane Tower | 4 | 280 | / | 200 |
| Guard Tower | 8 | 560 | / | 400 |
| Altar of Kings | 1 | 180 | / | 50 |
| Farm | 12 | 960 | / | 240 |
| Lumber Mill | 2 | 240 | / | 0 |
| Blacksmith | 1 | 140 | / | 60 |
| Arcane Vault | 1 | 130 | / | 30 |
| Workshop | 2 | 280 | / | 280 |
| Gryphon Aviary | 1 | 140 | / | 150 |
| Keep | 1 | 320 | / | 210 |
| Castle | 1 | 360 | / | 210 |
| total: | 36 | 2550g | / | 1130w |
| 0:03 | Peasant |
| 0:03 | Peasant |
| 0:07 | Altar of Kings |
| 0:10 | Farm |
| 0:21 | Peasant |
| 0:26 | Lumber Mill |
| 0:39 | Peasant |
| 0:49 | Farm |
| 0:57 | Peasant |
| 1:14 | Peasant |
| 1:15 | Peasant |
| 1:18 | Scout Tower |
| 1:21 | Peasant |
| 1:26 | Scout Tower |
| 1:27 | Peasant |
| 1:31 | Improved Lumber Harvesting |
| 1:45 | Arcane Tower |
| 2:00 | Arcane Tower |
| 2:03 | Peasant |
| 2:09 | Storm Bolt |
| 2:14 | Peasant |
| 2:14 | Peasant |
| 2:19 | Improved Masonry |
| 2:26 | Peasant |
| 3:08 | Keep |
| 3:12 | Farm |
| 3:16 | Farm |
| 3:19 | Scout Tower |
| 3:46 | Scout Tower |
| 3:51 | Guard Tower |
| 3:55 | Farm |
| 4:02 | Blacksmith |
| 4:24 | Bash |
| 4:30 | Guard Tower |
| 4:35 | Scout Tower |
| 4:42 | Scout Tower |
| 4:43 | Scout Tower |
| 5:00 | Scout Tower |
| 5:01 | Scout Tower |
| 5:02 | Scout Tower |
| 5:03 | Scout Tower |
| 5:07 | Guard Tower |
| 5:10 | Black Gunpowder |
| 5:12 | Guard Tower |
| 5:16 | Scout Tower |
| 5:29 | Lumber Mill |
| 5:40 | Castle |
| 5:51 | Guard Tower |
| 6:21 | Refined Gunpowder |
| 6:23 | Guard Tower |
| 6:35 | Advanced Lumber Harvesting |
| 6:37 | Guard Tower |
| 6:50 | Workshop |
| 6:54 | Workshop |
| 7:04 | Guard Tower |
| 7:06 | Advanced Masonry |
| 7:25 | Iron Plating |
| 7:42 | Farm |
| 7:43 | Farm |
| 8:03 | Flying Machine |
| 8:08 | Mortar Team |
| 8:21 | Farm |
| 8:23 | Farm |
| 8:24 | Farm |
| 8:33 | Flying Machine Bombs |
| 8:59 | Flak Cannons |
| 9:02 | Imbued Gunpowder |
| 9:44 | Storm Bolt |
| 9:57 | Flying Machine |
| 9:57 | Flying Machine |
| 9:58 | Flying Machine |
| 10:09 | Scout Tower |
| 10:13 | Scout Tower |
| 10:39 | Arcane Tower |
| 10:49 | Arcane Tower |
| 10:54 | Flying Machine |
| 10:54 | Flying Machine |
| 11:01 | Flying Machine |
| 11:01 | Flying Machine |
| 11:01 | Flying Machine |
| 11:05 | Farm |
| 11:06 | Farm |
| 11:09 | Gryphon Aviary |
| 11:14 | Arcane Vault |
| 11:18 | Imbued Masonry |
| 11:27 | Steel Plating |
| 12:09 | Flying Machine |
| 12:44 | Mithril Plating |
| 12:46 | Flying Machine |
| 12:52 | Divine Shield |
| 12:55 | Cloud |
| 13:32 | Flying Machine |
| 13:47 | Flying Machine |
| 13:47 | Flying Machine |
| 13:47 | Flying Machine |
| 14:30 | Flying Machine |
| 14:30 | Flying Machine |
| 14:30 | Flying Machine |
| 14:30 | Flying Machine |
| 14:30 | Flying Machine |
| 14:31 | Flying Machine |
| 14:31 | Flying Machine |
| 14:35 | Dragonhawk Rider |
| 14:35 | Dragonhawk Rider |
| 14:35 | Dragonhawk Rider |
| 15:01 | Flying Machine |
| 15:54 | Scout Tower |
| 15:54 | Scout Tower |
| 19:20 | Flying Machine |
| 19:20 | Flying Machine |
| 19:20 | Flying Machine |
| 19:20 | Flying Machine |
| 19:21 | Flying Machine |
| 19:21 | Flying Machine |
| 19:22 | Dragonhawk Rider |
| 19:22 | Dragonhawk Rider |
| 19:22 | Dragonhawk Rider |
| 19:26 | Bash |
| Right click | 759 |
| Select group | 512 |
| Select | 307 |
| Build/train/purchase | 90 |
| Assign group | 19 |
| Minimap ping | 6 |
| Use ability | 5 |
| Esc | 5 |
| Misc. action | 4 |
| Resource trade | 4 |
DudeWhy
(236)
(20:25) : 

| Scroll of Regeneration | 1 | 100 |
| Lesser Clarity Potion | 2 | 140 |
| Boots of Speed | 2 | 500 |
| total: | 5 | 740g |
| Peasant | 14 | 1050 | / | 0 |
| Footman | 2 | 270 | / | 0 |
| total: | 16 | 1320g | / | 0w |
| Scout Tower | 30 | 900 | / | 600 |
| Arcane Tower | 1 | 70 | / | 50 |
| Guard Tower | 15 | 1050 | / | 750 |
| Altar of Kings | 2 | 360 | / | 100 |
| Barracks | 1 | 160 | / | 60 |
| Farm | 5 | 400 | / | 100 |
| Lumber Mill | 1 | 120 | / | 0 |
| Arcane Vault | 1 | 130 | / | 30 |
| Blacksmith | 2 | 280 | / | 120 |
| Town Hall | 1 | 385 | / | 205 |
| Workshop | 1 | 140 | / | 140 |
| Keep | 1 | 320 | / | 210 |
| Castle | 1 | 360 | / | 210 |
| total: | 44 | 2875g | / | 1355w |
| 0:03 | Peasant |
| 0:05 | Altar of Kings |
| 0:07 | Altar of Kings |
| 0:07 | Peasant |
| 0:21 | Barracks |
| 0:23 | Peasant |
| 0:34 | Farm |
| 0:35 | Peasant |
| 0:56 | Farm |
| 0:57 | Peasant |
| 1:09 | Peasant |
| 1:15 | Peasant |
| 1:22 | Footman |
| 1:38 | Scout Tower |
| 1:39 | Scout Tower |
| 1:41 | Peasant |
| 1:49 | Footman |
| 1:56 | Peasant |
| 2:07 | Arcane Tower |
| 2:09 | Scout Tower |
| 2:12 | Farm |
| 2:16 | Storm Bolt |
| 2:43 | Peasant |
| 3:11 | Lumber Mill |
| 3:13 | Peasant |
| 3:13 | Peasant |
| 3:19 | Peasant |
| 3:29 | Peasant |
| 3:31 | Scout Tower |
| 3:33 | Scout Tower |
| 4:13 | Guard Tower |
| 4:25 | Bash |
| 4:54 | Scout Tower |
| 4:59 | Scout Tower |
| 5:01 | Scout Tower |
| 5:04 | Keep |
| 5:08 | Improved Masonry |
| 5:21 | Arcane Vault |
| 5:22 | Guard Tower |
| 5:24 | Scout Tower |
| 5:29 | Improved Lumber Harvesting |
| 6:01 | Guard Tower |
| 6:03 | Guard Tower |
| 6:24 | Scroll of Regeneration |
| 6:27 | Lesser Clarity Potion |
| 7:34 | Farm |
| 7:38 | Farm |
| 7:49 | Blacksmith |
| 7:50 | Blacksmith |
| 7:58 | Holy Light |
| 8:31 | Holy Light |
| 8:41 | Advanced Lumber Harvesting |
| 8:42 | Advanced Masonry |
| 9:31 | Castle |
| 9:36 | Black Gunpowder |
| 10:34 | Storm Bolt |
| 11:06 | Lesser Clarity Potion |
| 13:33 | Divine Shield |
| 13:46 | Boots of Speed |
| 13:46 | Boots of Speed |
| 15:05 | Workshop |
| 15:55 | Imbued Masonry |
| 16:08 | Fragmentation Shards |
| 16:42 | Scout Tower |
| 16:42 | Scout Tower |
| 16:43 | Scout Tower |
| 16:43 | Scout Tower |
| 16:44 | Scout Tower |
| 16:44 | Scout Tower |
| 16:48 | Scout Tower |
| 16:50 | Scout Tower |
| 16:50 | Scout Tower |
| 17:16 | Guard Tower |
| 17:18 | Guard Tower |
| 17:19 | Guard Tower |
| 17:37 | Guard Tower |
| 17:38 | Guard Tower |
| 17:40 | Scout Tower |
| 17:41 | Scout Tower |
| 17:41 | Scout Tower |
| 17:43 | Scout Tower |
| 18:01 | Town Hall |
| 18:03 | Holy Light |
| 18:04 | Holy Light |
| 18:08 | Guard Tower |
| 18:09 | Guard Tower |
| 18:11 | Guard Tower |
| 18:12 | Guard Tower |
| 18:13 | Scout Tower |
| 18:14 | Scout Tower |
| 18:14 | Scout Tower |
| 18:19 | Guard Tower |
| 19:20 | Guard Tower |
| 19:24 | Scout Tower |
| 19:24 | Scout Tower |
| 19:25 | Scout Tower |
| 19:27 | Scout Tower |
| 19:27 | Scout Tower |
| 19:34 | Bash |
| Right click | 878 |
| Select | 303 |
| Select group | 207 |
| Misc. action | 85 |
| Build/train/purchase | 67 |
| Use ability | 49 |
| Resource trade | 45 |
| Assign group | 12 |
| Item give/drop | 6 |
| Minimap ping | 3 |